 Dungeon Crawl Stone Soup version 0.21.1-1-g345015f (webtiles) character file.

249 wojakson the Basher (level 5, -1/67 HPs)
             Began as a Minotaur Berserker on Mar 12, 2018.
             Was a Priest of Trog.
             Slain by a two-headed ogre
             ... wielding a +0 giant club
              (20 damage)
             ... on level 3 of the Dungeon.
             The game lasted 00:06:06 (2272 turns).

wojakson the Basher (Minotaur Berserker)            Turns: 2272, Time: 00:06:06

Health: -1/67      AC: 12    Str: 32    XL:     5   Next: 86%
Magic:  4/4        EV:  8    Int:  4    God:    Trog [***...]
Gold:   122        SH:  0    Dex: 10    Spells: 4/4 levels left

rFire    . . .     SeeInvis .   a - +1 mace
rCold    . . .     Gourm    .   (no shield)
rNeg     . . .     Faith    .   d - +0 plate armour
rPois    .         Spirit   .   (helmet restricted)
rElec    .         Reflect  .   (no cloak)
rCorr    .         Harm     .   (no gloves)
MR       .....                  e - +0 pair of boots
Stlth    ..........             (no amulet)
HPRegen  0.21/turn              f - +5 ring of strength
MPRegen  0.09/turn              (no ring)

@: berserking, very quick
A: retaliatory headbutt, horns 2
a: Berserk, Trog's Hand, Burn Spellbooks, Renounce Religion


You were on level 3 of the Dungeon.
You worshipped Trog.
Trog was most pleased with you.
You were very hungry.

You visited 1 branch of the dungeon, and saw 3 of its levels.

You collected 122 gold pieces.

Inventory:

Hand Weapons
 a - a +1 mace (weapon)
Armour
 b - a +0 animal skin
 d - a +0 plate armour (worn)
 e - a +0 pair of boots (worn)
Jewellery
 f - a +5 ring of strength (left hand)
 k - an uncursed ring of wizardry
Scrolls
 h - 2 scrolls of enchant weapon
 n - a scroll of teleportation {unknown}
 o - a scroll of blinking
 p - a scroll of magic mapping {unknown}
Potions
 g - 2 potions of lignification
 i - a potion of heal wounds
 j - a potion of magic
 l - 2 potions of might
 m - a potion of flight {unknown}
 r - a potion of curing {unknown}
Comestibles
 c - 4 rations


   Skills:
 - Level 3.6 Fighting
 * Level 8.0 Maces & Flails
 - Level 2.4 Armour
 - Level 2.1 Dodging


You had 4 spell levels left.
You didn't know any spells.

Dungeon Overview and Level Annotations

Branches:
Dungeon (3/15)

Altars:


Innate Abilities, Weirdness & Mutations

You reflexively headbutt those who attack you in melee.
You have a pair of horns on your head.


Message History

You sock the two-headed ogre!
Your headbutt misses the two-headed ogre.
The two-headed ogre is lightly wounded.
The two-headed ogre hits you with a giant club. x2
Your plate armour prevents you from hitting the two-headed ogre.
The two-headed ogre is lightly wounded.
The two-headed ogre hits you with a giant club! x2
You are too injured to fight recklessly!
A red film seems to cover your vision as you go berserk!
You feel yourself moving faster!
You feel mighty!
You are feeling very hungry.
The two-headed ogre hits you with a giant club.
The two-headed ogre hits you with a giant club!
* * * LOW HITPOINT WARNING * * *
Your plate armour prevents you from hitting the two-headed ogre.
The two-headed ogre is lightly wounded.
You sock the two-headed ogre! You headbutt the two-headed ogre.
The two-headed ogre is heavily wounded.
The two-headed ogre hits you with a giant club!!
You die...

..............#
.......)......#
.......)......#
.......)......#
..............####
..............'..#
..............##.#
..............##.#
####..........##@#
#..........##O#
#..........##.#
#############.#
#.# #.# #........
#########


You could see a two-headed ogre.

Vanquished Creatures
  The ghost of toucherabbit the Conjurer, an amateur TeCj (D:3)
  4 adders
  3 oozes
  4 worms
  4 dart slugs
  5 leopard geckos
  3 orcs (D:3)
  3 giant cockroaches
  7 goblins
  6 hobgoblins
  7 jackals
  A quokka (D:2)
  A ball python (D:3)
  5 bats
  4 frilled lizards
  6 kobolds
  9 rats
73 creatures vanquished.

Notes
Turn   | Place    | Note
-------+----------+-------------------------------------------
     0 | D:1      | wojakson the Minotaur Berserker began the quest for the Orb.
     0 | D:1      | Reached XP level 1. HP: 19/19 MP: 0/0
   353 | D:1      | Reached skill level 4 in Maces & Flails
   571 | D:1      | Reached XP level 2. HP: 26/26 MP: 1/1
   787 | D:1      | Reached skill level 5 in Maces & Flails
   790 | D:1      | Reached XP level 3. HP: 21/31 MP: 2/2
  1260 | D:2      | Reached ** piety under Trog
  1378 | D:2      | Reached skill level 6 in Maces & Flails
  1378 | D:2      | Reached XP level 4. HP: 38/39 MP: 3/3
  1524 | D:2      | Found a faded altar of an unknown god.
  1961 | D:3      | Noticed toucherabbit's ghost (amateur TeCj)
  1970 | D:3      | Killed toucherabbit's ghost
  1970 | D:3      | Reached skill level 7 in Maces & Flails
  1970 | D:3      | Reached XP level 5. HP: 42/45 MP: 4/4
  2184 | D:3      | Reached *** piety under Trog
  2186 | D:3      | Reached skill level 8 in Maces & Flails
  2262 | D:3      | Noticed a two-headed ogre
  2272 | D:3      | Slain by a two-headed ogre

Skill      XL: |  1  2  3  4  5 |
---------------+----------------+-----
Maces & Flails | 4 5 6 7 8 |  8.0
Fighting       | |  3.6
Armour         | |  2.4
Dodging        | |  2.1

Action                   |  1- 3 |  4- 6 || total
-------------------------+-------+-------++-------
Melee: Mace              |    96 |    69 ||   165
       Headbutt          |    10 |    10 ||    20
Invok: Berserk           |     1 |     1 ||     2
  Use: Scroll            |     3 |     7 ||    10
  Eat: Chunk             |     2 |     3 ||     5
Armor: Plate armour      |    94 |    42 ||   136
Dodge: Dodged            |    46 |    21 ||    67
